Map: Ascension to Aiur LE

Players

BLIZZERG

  • Race: Zerg Zerg
  • League: Diamond
  • Spawn Location: 11:00

TERRAN - Winner!

  • Race: Protoss Protoss
  • League: Diamond
  • Spawn Location: 5:00

VOD

Have the link to the VOD?

Description

Time

  • Played on: Jan. 9, 2018, 9:58 p.m.
  • Length: 4:57
Show
View Real Time Build Order
Export as new Build Order

BLIZZERG Zerg 

Build Orders: Pool First 

Get SALT Encoding   

  12  0:01  Drone  
  13  0:08  Drone  
  14  0:17  Overlord  
  14  0:28  Extractor, Drone  
  15  0:36  Drone x2  
  17  0:45  Drone  
  18  0:53  Spawning Pool  
  18  0:54  Drone  
  18  1:05  Extractor  
  18  1:10  Drone  
  18  1:21  Drone  
  19  1:28  Overlord  
  19  1:37  Drone  
  20  1:41  Queen  
  22  1:48  Zergling x2  
  23  1:55  Hatchery  
  22  2:01  Zergling x2  
  23  2:12  Drone  
  24  2:18  Metabolic Boost  
  24  2:20  Hatchery  
  23  2:24  Drone  
  24  2:32  Queen  
  26  2:40  Drone  
  27  2:44  Overlord  
  27  2:54  Drone  
  28  3:06  Extractor  
  28  3:08  Queen  
  29  3:18  Zergling x6  
  24  3:46  Zergling x4  
  12  4:02  Zergling x2  
  13  4:05  Zergling x4  
  14  4:15  Zergling x2  
Show
View Real Time Build Order
Export as new Build Order

TERRAN Protoss - Winner!

Build Orders:  

Get SALT Encoding   

  12  0:00  Probe (Chrono Boost)  
  13  0:12  Probe (Chrono Boost)  
  14  0:17  Probe (Chrono Boost)  
  15  0:23  Pylon  
  15  0:41  Probe  
  16  0:52  Gateway  
  16  0:54  Gateway  
  16  1:14  Probe  
  16  1:16  Pylon  
  17  1:21  Forge  
  17  1:22  Pylon  
  17  1:26  Probe  
  18  1:46  Nexus  
  18  1:49  Zealot (Chrono Boost)  
  22  2:02  Zealot (Chrono Boost)  
  22  2:08  Zealot (Chrono Boost)  
  22  2:10  Pylon  
  24  2:28  Photon Cannon  
  26  2:31  Zealot (Chrono Boost)  
  26  2:32  Zealot (Chrono Boost)  
  28  2:45  Pylon  
  28  2:51  Zealot  
  30  2:52  Zealot  
  32  3:03  Photon Cannon  
  32  3:15  Probe  
Tags
 
Add a new tag
Caveats
  • Supply blocks, unpowered buildings, or Contaminate may cause inaccurate times.
  • Supply counts are checked every 10 seconds.